 Dungeon Crawl Stone Soup version 0.23.2-30-g0e89c35649 (webtiles) character file.

Game seed: 5588816599121861878

378572 Kobolds4U the Hoplite (level 21, -23/198 HPs)
             Began as a Minotaur Fighter on June 18, 2019.
             Was the Champion of Ashenzari.
             Killed from afar by a golden dragon (39 damage)
             ... with a bolt of cold
             ... on level 3 of the Depths on June 19, 2019.
             The game lasted 02:57:08 (47245 turns).

Kobolds4U the Hoplite (Minotaur Fighter)           Turns: 47245, Time: 02:57:09

Health: -23/198    AC: 54    Str: 27    XL:     21   Next: 85%
Magic:  31/33      EV: 19    Int:  7    God:    Ashenzari [******]
Gold:   718        SH: 35    Dex: 25    Spells: 21/38 levels left

rFire    . . .     SeeInvis +   E - +9 double sword (slice) (curse)
rCold    . . .     Gourm    .   h - +8 large shield {rPois} (curse)
rNeg     . . .     Faith    .   Q - +12 crystal plate armour of Courage {Dex+2 SInv}
rPois    +         Spirit   .   t - +2 hat {MR+} (curse)
rElec    .         Reflect  .   G - +2 cloak {rPois} (curse)
rCorr    .         Harm     .   d - +2 pair of gloves {Str+3} (curse)
MR       +++..     Clarity  +   o - +2 pair of boots {Stlth+} (curse)
Stlth    ..........             D - amulet of regeneration (curse)
HPRegen  0.83/turn              K - ring of Geykhluodd {MR+ Str+2 Dex+6 Slay+2} (curse)
MPRegen  0.23/turn              x - +4 ring of evasion (curse)

@: no status effects
A: retaliatory headbutt, horns 2
}: 2/15 runes: decaying, gossamer
a: Curse Item, Scrying, Transfer Knowledge, Renounce Religion


You were on level 3 of the Depths.
You worshipped Ashenzari.
Ashenzari was exalted by your worship.
You were not hungry.

You visited 8 branches of the dungeon, and saw 39 of its levels.
You also visited: Trove, Gauntlet and Ice Cave.

You collected 4254 gold pieces.
You spent 3536 gold pieces at shops.

Inventory:

Hand Weapons
 E - a cursed +9 double sword of slicing (weapon)
Missiles
 b - 14 silver javelins (quivered)
 T - 21 steel javelins
Armour
 d - a cursed +2 pair of gloves of strength (worn)
 h - a cursed +8 large shield of poison resistance (worn)
 o - a cursed +2 pair of boots of stealth (worn)
 t - a cursed +2 hat of magic resistance (worn)
 G - a cursed +2 cloak of poison resistance (worn)
 N - the +14 plate armour "Ippuij" {rF+ Str+3}
   (You found it on level 6 of the Lair of Beasts)

   It affects your strength (+3).
   It protects you from fire.
 Q - the +12 crystal plate armour of Courage (worn) {Dex+2 SInv}
   (You found it in a treasure trove)

   It affects your dexterity (+2).
   It lets you see invisible.
 Y - the +4 ice dragon scales of Liddowk {rF- rC++ Str-2 Int+2 SInv Stlth+}
   (You found it in an ice cave)

   It affects your strength (-2).
   It affects your intelligence (+2).
   It makes you vulnerable to fire.
   It greatly protects you from cold.
   It lets you see invisible.
   It makes you more stealthy.
Jewellery
 l - an uncursed ring of positive energy
 n - the ring "Kume" {rN+ Int+5}
   (You found it on level 2 of the Depths)

   [ring of positive energy]

   It affects your intelligence (+5).
   It protects you from negative energy.
 x - a cursed +4 ring of evasion (right hand)
 D - a cursed amulet of regeneration (around neck)
 F - an uncursed ring of protection from fire
 K - the cursed ring of Geykhluodd (left hand) {MR+ Str+2 Dex+6 Slay+2}
   (You found it on level 2 of the Depths)

   [ring of protection from magic]

   It affects your strength (+2).
   It affects your dexterity (+6).
   It affects your accuracy and damage with ranged weapons and melee attacks
   (+2).
   It affects your resistance to hostile enchantments.
   It has a curse placed upon it.
 U - an uncursed ring of flight
 Z - a +6 ring of dexterity
Wands
 a - a wand of acid (18)
 c - a wand of paralysis (21)
 H - a wand of flame (33)
 I - a wand of disintegration (8)
 L - a wand of enslavement (20)
 M - a wand of iceblast (17)
 P - a wand of polymorph (42)
 V - a wand of digging (3)
Scrolls
 e - 12 scrolls of fog
 g - 4 scrolls of blinking
 q - 22 scrolls of teleportation
 w - 17 scrolls of identify
 J - 3 scrolls of remove curse
 R - 2 scrolls of amnesia
Potions
 i - 9 potions of ambrosia
 j - 14 potions of heal wounds
 k - 13 potions of curing
 m - 3 potions of agility
 p - a potion of berserk rage
 r - 2 potions of cancellation
 s - 2 potions of resistance
 u - 2 potions of brilliance
 v - 6 potions of might
 A - 2 potions of magic
 B - 7 potions of flight
 C - 6 potions of invisibility
 O - 4 potions of haste
Miscellaneous
 y - a phial of floods
 z - 2 phantom mirrors
 S - a fan of gales
 W - 3 boxes of beasts
 X - a lamp of fire
Comestibles
 f - 57 rations


   Skills:
 - Level 19.0 Fighting
 - Level 15.0(19.0) Long Blades
 - Level 3.2 Throwing
 - Level 19.4(23.0) Armour
 - Level 10.0 Dodging
 - Level 22.9(25.0) Shields
 + Level 9.3 Spellcasting
 - Level 5.9(10.4) Charms
 - Level 6.9(11.4) Translocations
 - Level 2.5(6.1) Air Magic
 - Level 10.0(14.2) Evocations


You had 21 spell levels left.
You knew the following spells:

 Your Spells              Type           Power        Failure   Level  Hunger
a - Blink                 Tloc           N/A          2%          2    ##.....
b - Ensorcelled Hibernat  Hex/Ice        #.....       88%         2    ##.....
c - Song of Slaying       Chrm           ###.....     3%          2    ##.....
d - Swiftness             Chrm/Air       ##......     9%          2    ##.....
e - Summon Small Mammal   Summ           #...         77%         1    None
f - Call Imp              Summ           #.......     88%         2    ##.....
g - Shroud of Golubria    Chrm/Tloc      ###.......   2%          2    ##.....
h - Infusion              Chrm           ###.         2%          1    None
i - Slow                  Hex            #.......     88%         2    ##.....
j - Summon Butterflies    Summ           #.......     77%         1    None

Your spell library contained the following spells:

 Spells                   Type           Power        Failure   Level  Hunger
 Apportation              Tloc           ###...       1%          1    None
 Shock                    Conj/Air       #...         38%         1    None
 Ozocubu's Armour         Chrm/Ice       ##......     45%         3    ###....
 Regeneration             Chrm/Necr      ##........   45%         3    ###....
 Spectral Weapon          Hex/Chrm       ##......     45%         3    ###....
 Poisonous Vapours        Pois/Air       #.....       52%         2    ##.....
 Animate Skeleton         Necr           N/A          77%         1    None
 Beastly Appendage        Tmut           #.....       77%         1    None
 Confusing Touch          Hex            #.....       77%         1    None
 Corona                   Hex            #......      77%         1    None
 Freeze                   Ice            #...         77%         1    None
 Magic Dart               Conj           #...         77%         1    None
 Sting                    Conj/Pois      #...         77%         1    None
 Static Discharge         Conj/Air       #.......     77%         3    ###....
 Airstrike                Air            ##........   80%         4    ####...
 Mephitic Cloud           Conj/Pois/Air  #.......     87%         3    ###....
 Corpse Rot               Necr           N/A          88%         2    ##.....
 Sticks to Snakes         Tmut           #.......     88%         2    ##.....
 Throw Frost              Conj/Ice       #.....       88%         2    ##.....
 Call Canine Familiar     Summ           #.......     98%         3    ###....
 Confuse                  Hex            #.......     98%         3    ###....
 Conjure Flame            Conj/Fire      #.......     98%         3    ###....
 Dazzling Spray           Conj/Hex       #.....       98%         3    ###....
 Ignite Poison            Fire/Tmut/Pois #.......     98%         3    ###....
 Spider Form              Tmut/Pois      #.........   98%         3    ###....
 Stone Arrow              Conj/Erth      #.....       98%         3    ###....
 Tukima's Dance           Hex            #.......     98%         3    ###....
 Summon Forest            Summ/Tloc      ##........   98%         5    ######.
 Iskenderun's Battlesphe  Conj/Chrm      ##......     99%         5    ######.
 Animate Dead             Necr           N/A          100%        4    ####...
 Ice Form                 Ice/Tmut       #.......     100%        4    ####...
 Leda's Liquefaction      Hex/Erth       #.........   100%        4    ####...
 Olgreb's Toxic Radiance  Pois           #.......     100%        4    ####...
 Summon Ice Beast         Ice/Summ       #.......     100%        4    ####...
 Throw Icicle             Conj/Ice       #.......     100%        4    ####...
 Blade Hands              Tmut           #.........   100%        5    ######.
 Bolt of Magma            Conj/Fire/Erth #.........   100%        5    ######.
 Dispel Undead            Necr           #.......     100%        5    ######.
 Fireball                 Conj/Fire      #.........   100%        5    ######.
 Lightning Bolt           Conj/Air       #.........   100%        5    ######.
 Summon Mana Viper        Hex/Summ       #.......     100%        5    ######.
 Venom Bolt               Conj/Pois      #.........   100%        5    ######.
 Bolt of Fire             Conj/Fire      #.........   100%        6    #######
 Freezing Cloud           Conj/Ice/Air   #.........   100%        6    #######
 Hydra Form               Tmut           #.........   100%        6    #######
 Iron Shot                Conj/Erth      #.........   100%        6    #######
 Orb of Destruction       Conj           #.........   100%        7    #######
 Ring of Flames           Chrm/Fire      ##........   100%        7    #######
 Spellforged Servitor     Conj/Summ      #.........   100%        7    #######
 Summon Hydra             Summ           #.........   100%        7    #######
 Ignition                 Fire           #.........   100%        8    #######
 Shatter                  Erth           #.........   100%        9    #######
 Tornado                  Air            ##........   100%        9    #######


Dungeon Overview and Level Annotations

Branches:
Dungeon (15/15)            Temple (1/1) D:5            Lair (6/6) D:8
  Swamp (4/4) Lair:4       Spider (4/4) Lair:2        Slime (0/5) Lair:5
    Orc (2/2) D:11            Elf (0/3) Orc:2        Vaults (4/5) D:14
  Crypt (0/3) Vaults:3     Depths (3/5) D:15

Altars:
Ashenzari
Dithmenos
Elyvilon
Fedhas
Gozag
Kikubaaqudgha
Makhleb
Nemelex Xobeh
Okawaru
Qazlal
Sif Muna
Uskayaw
Vehumet
Xom
Yredelemnul
Zin

Shops:
D:5 !   D:12 *   Orc:2 [=?   Vaults:2 ?   Vaults:4 *!   Depths:1 [*}

Portals:
Hell: Depths:1 Depths:2
Abyss: Depths:2

Annotations:
D:4 exclusion: statue
Spider:1 1 runed translucent door, Rod Caur's ghost, adept HOFi
Vaults:4 3 runed translucent doors, exclusion: obsidian statue, casual's ghost, veteran MiMo


Innate Abilities, Weirdness & Mutations

You reflexively headbutt those who attack you in melee.
You have a pair of horns on your head.


Message History

You block the golden dragon's attack.
The golden dragon tramples you but does no damage.
The golden dragon breathes cold at you. The bolt of cold hits you!!!
The bolt of cold hits you!!
* * * LOW HITPOINT WARNING * * *
You hit the golden dragon.
The golden dragon is heavily wounded.
You block the golden dragon's attack. x3
You see here an ice dragon corpse.
Okay, then.
Casting: Song of Slaying (safe; 3% risk of failure)
Confirm with . or Enter, or press ? or * to list all spells.
You blink.
You block the golden dragon's attack.
The golden dragon claws you but does no damage.
You block the golden dragon's attack. The golden dragon breathes cold at you.
The bolt of cold hits you!!
* * * LOW HITPOINT WARNING * * *
The bolt of cold hits you!!!
You die...

*,* *,..######## *,
,,........## ####
#############... ###..#,
..#..{......... #.....,,
{...##.##..... * ,..Cy{
**{.T.#*∆*#...## * ,,
###### ###########..# *
,,##..D.###....##)##..##
*, ##...D.@#.....##.##..#
*, #...C#§....#)...?....#
...#...##################
*..###..* , , , *,,#.W#*
∆, , { ,,* *,,,#.. **∆
,,{ , ,, *,, ##W{*∆∆, {*
,* , ,*. **∆ ,,{ , ,,,* *
{ .{** ∆ , ,, ,**


You could see a juggernaut and 2 golden dragons.

Vanquished Creatures
  2 juggernauts
  Sojobo (Depths:2)
  Arachne (Spider:2)
  A lich (Depths:2)
  A large abomination (Vaults:3)
  A tentacled monstrosity (Vaults:3)
  A titan (Vaults:3)
  A thorn hunter (Swamp:3)
  Frances (Spider:2)
  3 sphinxes
  An ancient champion (Depths:2)
  4 tengu reavers
  A storm dragon (Depths:2)
  Agnes (Spider:1)
  Donald (Spider:3)
  6 fire giants
  7 frost giants
  An iron dragon (Depths:2)
  A deep elf sorcerer (Vaults:4)
  4 orc warlords
  12 vault wardens
  4 ghost moths
  The ghost of tropicdream the Fencer, a journeyman MiMo of Cheibriados (D:14)
  9 emperor scorpions
  5 very ugly things
  8 stone giants
  12 ironheart preservers
  6 entropy weavers
  Nessos (Lair:5)
  A deep elf demonologist (Vaults:4)
  A deep elf annihilator (Vaults:4)
  A minotaur (Gauntlet)
  7 spark wasps
  3 ettins
  2 deep elf death magi (Vaults:4)
  6 fire dragons
  5 great orbs of eyes
  4 yaktaur captains
  21 hydras
  4 rakshasas
  A spriggan air mage (Depths:1)
  12 vault guards
  12 ice dragons
  3 shambling mangroves (Swamp:3)
  Harold (D:7)
  A merfolk avatar (Lair:6)
  2 catoblepae
  9 centaur warriors
  20 alligators
  A merfolk aquamancer (Depths:2)
  2 death yaks (Lair:6)
  29 two-headed ogres
  12 ogre magi
  4 deep troll shamans
  6 deep troll earth magi
  3 orc high priests
  5 tengu warriors
  A naga sharpshooter (Depths:2)
  A vampire mage (Depths:1)
  10 spriggan berserkers
  7 deep elf knights
  Sonja (Lair:1)
  A storm dragon skeleton (Vaults:4)
  2 fire crabs (Swamp:4)
  3 shadow wraiths
  An unseen horror (shapeshifter) (Depths:2)
  5 deep elf archers
  3 flayed ghosts
  2 unseen horrors
  3 glowing orange brains
  2 spriggan druids (Swamp:3)
  5 wizards
  Pikel (D:5)
  15 ironbrand convokers
  11 deep trolls
  5 swamp dragons
  11 orc knights
  4 necromancers
  7 harpies
  A lindwurm (Swamp:4)
  57 ugly things
  A wolf spider (shapeshifter) (Vaults:4)
  14 orb spiders
  2 oklob plants (Lair:5)
  23 wolf spiders
  3 orc sorcerers
  9 deep elf magi
  2 human zombies
  A salamander (shapeshifter) (D:8)
  15 cyclopes
  3 manticores
  3 human skeletons
  A moth of wrath (Gauntlet)
  A naga mage (Depths:2)
  A molten gargoyle (Lair:5)
  An elephant (Lair:6)
  2 black mambas
  8 vault sentinels
  A fire giant skeleton (Vaults:3)
  A stone giant skeleton (Vaults:2)
  3 ice statues (IceCv)
  Maurice (Orc:1)
  5 centaur skeletons
  23 spiny frogs
  An eye of devastation (shapeshifter) (D:15)
  4 torpor snails
  A spiny frog (shapeshifter) (Depths:1)
  2 gargoyles
  2 komodo dragons (shapeshifter)
  33 yaktaurs
  A yaktaur (shapeshifter) (Vaults:2)
  13 demonic crawlers
  4 freezing wraiths
  An efreet (D:13)
  8 komodo dragons
  3 rime drakes (Lair:6)
  A meliai (shapeshifter) (D:15)
  2 jumping spiders (shapeshifter)
  2 trolls (shapeshifter)
  23 jumping spiders
  4 polar bears (Lair:6)
  3 meliai (Lair:5)
  18 trolls
  A tengu simulacrum (Vaults:4)
  13 tyrant leeches
  A raiju (shapeshifter) (D:15)
  Prince Ribbit (D:9)
  11 hornets
  35 slime creatures
  6 bog bodies
  A blink frog (shapeshifter) (Depths:2)
  12 blink frogs
  11 hippogriffs
  23 tarantellas
  A centaur simulacrum (D:15)
  4 wyverns
  2 vampires
  58 redbacks
  15 spriggans
  A spriggan (shapeshifter) (Vaults:3)
  Eustachio (D:4)
  An ettin skeleton (Vaults:3)
  4 shadows
  2 wraiths
  2 humans (D:11)
  6 basilisks
  7 water elementals
  71 yaks
  2 steam dragons (Swamp:4)
  3 hungry ghosts
  10 vampire mosquitoes
  6 small abominations (Gauntlet)
  13 insubstantial wisps
  2 soldier ants
  14 water moccasins
  2 soldier ants (shapeshifter)
  2 acid dragons
  2 nagas (Depths:2)
  24 swamp worms
  17 wargs
  10 porcupines
  10 ice beasts
  10 swamp drakes
  4 floating eyes (Depths:2)
  2 eyes of draining
  48 orc warriors
  2 sky beasts
  5 phantoms
  4 black bears
  47 ogres
  An eye of draining (shapeshifter) (Depths:1)
  5 necrophages
  39 wolves
  19 centaurs
  12 boggarts
  8 crocodiles
  22 bullfrogs
  2 gnoll sergeants
  A deep troll simulacrum (Vaults:3)
  A glowing shapeshifter simulacrum (Vaults:1)
  A hornet simulacrum (Gauntlet)
  6 scorpions
  An orc simulacrum (Vaults:2)
  7 howler monkeys
  20 wights
  68 killer bees
  4 electric eels
  2 crimson imps
  2 bullfrog zombies
  4 centaur zombies
  2 wyvern simulacra (Gauntlet)
  4 hounds
  6 jellies
  A jelly (shapeshifter) (Vaults:4)
  24 orc priests
  33 orc wizards
  4 bullfrog skeletons
  Jessica (D:3)
  6 iguanas
  6 hell rats (Lair:6)
  5 worker ants
  A hound skeleton (D:6)
  13 gnolls
  16 adders
  3 shadow imps
  12 white imps (Orc:1)
  An ooze (D:1)
  3 worms
  5 dart slugs
  4 leopard geckos
  111 orcs
  2 bats
  2 giant cockroaches
  5 hobgoblins
  16 jackals
  8 kobolds
  4 quokkas
  A ball python (D:3)
  4 frilled lizards
  8 goblins
  A leopard gecko skeleton (D:4)
  A leopard gecko zombie (D:6)
  A quokka zombie (D:6)
  12 rats
  A fire vortex (Swamp:4)
  A plant (Swamp:3)
1767 creatures vanquished.

Vanquished Creatures (collateral kills)
  A hydra (Swamp:1)
  A slime creature (Swamp:1)
  2 vampire mosquitoes (Swamp:3)
4 creatures vanquished.

Vanquished Creatures (others)
  A hydra (Swamp:1)
  2 swamp dragons (Swamp:4)
  A redback (Spider:1)
  3 steam dragons (Swamp:4)
  3 swamp drakes (Swamp:4)
  A sky beast (D:15)
  An ogre (Vaults:4)
  A killer bee (Lair:5)
  10 fungi
  21 plants
44 creatures vanquished.

Grand Total: 1815 creatures vanquished

Notes
Turn   | Place    | Note
-------+----------+-------------------------------------------
     0 | D:1      | Kobolds4U the Minotaur Fighter began the quest for the Orb.
     0 | D:1      | Reached XP level 1. HP: 19/19 MP: 0/0
    32 | D:1      | Reached XP level 2. HP: 20/26 MP: 1/1
   308 | D:1      | Reached XP level 3. HP: 31/31 MP: 2/2
   881 | D:2      | Reached skill level 5 in Long Blades
   881 | D:2      | Reached skill level 4 in Shields
   881 | D:2      | Reached XP level 4. HP: 33/39 MP: 3/3
   963 | D:2      | Found a stormy altar of Qazlal.
  1697 | D:3      | Noticed Jessica
  1705 | D:3      | Killed Jessica
  1705 | D:3      | Reached XP level 5. HP: 36/45 MP: 4/4
  2209 | D:4      | Noticed an ogre
  2401 | D:4      | Noticed Eustachio
  2422 | D:4      | Killed Eustachio
  2422 | D:4      | Reached XP level 6. HP: 44/51 MP: 5/5
  2487 | D:4      | Found a glowing silver altar of Zin.
  2806 | D:4      | Found a radiant altar of Vehumet.
  2869 | D:5      | Entered Level 5 of the Dungeon
  2899 | D:5      | Noticed Pikel
  2899 | D:5      | Noticed a slave
  2899 | D:5      | Noticed a slave
  2899 | D:5      | Noticed a slave
  2899 | D:5      | Noticed a slave
  2934 | D:5      | Killed Pikel
  2934 | D:5      | Reached skill level 10 in Long Blades
  2934 | D:5      | Reached XP level 7. HP: 49/57 MP: 6/6
  2958 | D:5      | Found an opulent altar of Gozag.
  3002 | D:5      | Found a staircase to the Ecumenical Temple.
  3007 | Temple   | Entered the Ecumenical Temple
  3073 | Temple   | Became a worshipper of Ashenzari the Shackled
  3671 | D:5      | Found Fidiomie's Distillery.
  3674 | D:5      | Bought a potion of invisibility for 112 gold pieces
  3674 | D:5      | Bought a potion of degeneration for 14 gold pieces
  3674 | D:5      | Bought a potion of heal wounds for 70 gold pieces
  3797 | D:5      | Found a blossoming altar of Fedhas.
  3797 | D:5      | Found a hide-covered altar of Uskayaw.
  3798 | D:5      | Found a white marble altar of Elyvilon.
  4059 | D:6      | Found a burning altar of Makhleb.
  4067 | D:6      | Reached XP level 8. HP: 66/66 MP: 7/7
  4322 | D:6      | Reached skill level 5 in Fighting
  4970 | D:7      | Found a shadowy altar of Dithmenos.
  4994 | D:7      | Noticed Harold
  5029 | D:7      | Killed Harold
  5029 | D:7      | Reached XP level 9. HP: 60/79 MP: 8/8
  5324 | D:7      | Reached * piety under Ashenzari
  5371 | D:7      | Reached skill level 5 in Shields
  6267 | D:8      | Reached skill level 6 in Shields
  6549 | D:8      | Reached XP level 10. HP: 84/89 MP: 9/9
  6628 | D:9      | Reached skill level 7 in Shields
  6890 | D:9      | Reached skill level 8 in Shields
  7278 | D:8      | Found a staircase to the Lair.
  7368 | D:8      | Reached skill level 9 in Shields
  7413 | D:8      | Noticed a salamander
  7426 | D:8      | Killed a salamander
  8116 | D:9      | Found a shimmering altar of Xom.
  8145 | D:9      | Noticed a two-headed ogre
  8157 | D:9      | Killed a two-headed ogre
  8157 | D:9      | Reached skill level 10 in Fighting
  8157 | D:9      | Reached skill level 10 in Shields
  8469 | D:9      | Found a sparkling altar of Nemelex Xobeh.
  8576 | D:9      | Noticed a six-headed hydra
  8598 | D:10     | Entered Level 10 of the Dungeon
  8638 | D:10     | Reached skill level 11 in Shields
  8638 | D:10     | Reached XP level 11. HP: 33/101 MP: 0/10
  9371 | D:9      | Noticed Prince Ribbit
  9387 | D:9      | Killed Prince Ribbit
  9562 | D:9      | Found a deep blue altar of Sif Muna.
 10039 | D:10     | Found a portal to a secret trove of treasure.
 10262 | D:10     | Reached ** piety under Ashenzari
 10276 | D:10     | Reached skill level 12 in Shields
 11106 | D:11     | Found an iron altar of Okawaru.
 11280 | D:11     | Found a staircase to the Orcish Mines.
 11853 | D:11     | Reached skill level 13 in Shields
 12228 | D:12     | Noticed an unseen horror
 12254 | D:11     | Killed an unseen horror
 12600 | D:12     | Reached skill level 14 in Shields
 12808 | D:12     | Reached skill level 1 in Evocations
 12879 | D:12     | Found Systrax's General Store.
 12887 | D:12     | Identified the +10 hunting sling of Nightmares {flame,
                  | rElec Int+7} (You found it on level 5 of the Dungeon)
 13077 | D:13     | Reached XP level 12. HP: 84/112 MP: 11/11
 13190 | D:13     | Identified the +5 rapier "Fobath" {freeze, rC- Str+8 Int-5
                  | Stlth+}
 13378 | D:13     | Noticed a six-headed hydra
 13389 | D:13     | Killed a seven-headed hydra
 13394 | D:13     | Noticed a centaur warrior
 13408 | D:13     | Killed a centaur warrior
 13895 | D:13     | Reached skill level 5 in Evocations
 14385 | D:14     | Noticed a centaur warrior
 14390 | D:14     | Killed a centaur warrior
 14403 | D:14     | Reached skill level 15 in Shields
 14629 | D:14     | Found a runed translucent door.
 14629 | D:14     | Noticed tropicdream's ghost (journeyman MiMo)
 14868 | D:14     | Reached skill level 16 in Shields
 14885 | D:14     | Found a gate to the Vaults.
 15220 | D:14     | Reached *** piety under Ashenzari
 15258 | D:14     | Reached skill level 1 in Dodging
 15360 | D:14     | Reached XP level 13. HP: 118/118 MP: 16/16
 15857 | D:15     | Entered Level 15 of the Dungeon
 15925 | D:15     | Reached skill level 5 in Dodging
 16114 | D:15     | Noticed a deep elf annihilator
 16993 | Lair:1   | Entered Level 1 of the Lair of Beasts
 17439 | Lair:1   | Reached skill level 17 in Shields
 17751 | Lair:1   | Noticed Sonja
 17751 | Lair:1   | Paralysed by Sonja for 3 turns
 17764 | Lair:1   | Killed Sonja
 17829 | Lair:1   | Reached **** piety under Ashenzari
 18151 | Lair:2   | Found a hole to the Spider Nest.
 19032 | Lair:3   | Reached ***** piety under Ashenzari
 19142 | Lair:3   | Reached skill level 10 in Dodging
 19332 | Lair:3   | Reached XP level 14. HP: 124/126 MP: 17/17
 19742 | Lair:3   | Reached skill level 18 in Shields
 20673 | Lair:4   | Found a staircase to the Swamp.
 21419 | Lair:5   | Reached skill level 19 in Shields
 21684 | Lair:5   | Noticed Nessos
 21711 | Lair:5   | Killed Nessos
 22608 | Lair:5   | Found a staircase to the Slime Pits.
 22823 | Lair:5   | Reached skill level 5 in Armour
 22866 | Lair:6   | Entered Level 6 of the Lair of Beasts
 23280 | Lair:6   | Reached XP level 15. HP: 139/139 MP: 18/18
 23603 | Lair:6   | Reached skill level 15 in Fighting
 23743 | Lair:6   | Identified the +14 plate armour "Ippuij" {rF+ Str+3}
 23744 | Lair:6   | Found the +12 Vampire's Tooth {vamp}
 23964 | Lair:6   | Identified the Volume of Evil
 23988 | Lair:6   | Identified a scroll of acquirement
 23988 | Lair:6   | Identified the cursed +1 plate armour "Hyceobb" {Regen+
                  | Int+5} (You acquired it on level 6 of the Lair of Beasts)
 24093 | Lair:6   | Reached skill level 1 in Throwing
 24630 | Orc:1    | Entered Level 1 of the Orcish Mines
 24644 | Orc:1    | Found a frozen archway.
 24690 | IceCv    | Entered an ice cave
 24899 | IceCv    | Identified the +4 ice dragon scales of Liddowk {rF- rC++
                  | Str-2 Int+2 SInv Stlth+}
 24999 | Orc:1    | Noticed Maurice
 25009 | Orc:1    | Killed Maurice
 25306 | Orc:2    | Entered Level 2 of the Orcish Mines
 25328 | Orc:2    | Found a gate leading to a gauntlet.
 25337 | Gauntlet | Entered a Gauntlet
 25337 | Gauntlet | Found a transporter.
 25337 | Gauntlet | Found a transporter.
 25337 | Gauntlet | Found a transporter.
 25337 | Gauntlet | Identified the ring "Beinemuq" {rPois Str+2}
 25338 | Gauntlet | Found a transporter.
 25341 | Gauntlet | Found a transporter.
 25353 | Gauntlet | Found a transporter.
 25355 | Gauntlet | Found a large runed translucent door.
 25356 | Gauntlet | Found a large runed translucent door.
 25357 | Gauntlet | Found a large runed translucent door.
 25357 | Gauntlet | Found a large runed translucent door.
 25357 | Gauntlet | Found a large runed translucent door.
 25358 | Gauntlet | Found a transporter.
 25359 | Gauntlet | Found a large runed translucent door.
 25375 | Gauntlet | Found a transporter.
 25375 | Gauntlet | Found a transporter.
 25388 | Gauntlet | Found a large runed translucent door.
 25389 | Gauntlet | Found a large runed translucent door.
 25390 | Gauntlet | Found a runed translucent gate.
 25391 | Gauntlet | Found a transporter.
 25391 | Gauntlet | Found a runed translucent gate.
 25392 | Gauntlet | Found a runed translucent gate.
 25393 | Gauntlet | Found a large runed translucent door.
 25393 | Gauntlet | Found a large runed translucent door.
 25394 | Gauntlet | Found a large runed translucent door.
 25395 | Gauntlet | Found a large runed translucent door.
 25404 | Gauntlet | Found a large runed translucent door.
 25404 | Gauntlet | Found a large runed translucent door.
 25404 | Gauntlet | Found a runed translucent door.
 25404 | Gauntlet | Found a runed translucent door.
 25405 | Gauntlet | Found a large runed translucent door.
 25406 | Gauntlet | Found a large runed translucent door.
 25408 | Gauntlet | Found a transporter.
 25416 | Gauntlet | Found a transporter.
 25790 | Gauntlet | Identified the +7 dagger of Lehud {pierce, +Fly Dex+3}
 25942 | Orc:2    | Found Ratroil's Antique Armour Shop.
 25951 | Orc:2    | Reached skill level 10 in Armour
 26006 | Orc:2    | Found Obreul's Magic Scroll Shop.
 26011 | Orc:2    | Noticed an orc warlord
 26068 | Orc:1    | Noticed an orc warlord
 26069 | Orc:1    | Noticed an orc warlord
 26130 | Orc:1    | Killed an orc warlord
 26183 | Orc:1    | Killed an orc warlord
 26627 | Orc:2    | Found a staircase to the Elven Halls.
 26712 | Orc:2    | Killed an orc warlord
 26916 | Orc:2    | Reached skill level 20 in Shields
 26918 | Orc:2    | Reached ****** piety under Ashenzari
 27046 | Orc:2    | Found Kufreoq's General Store.
 27048 | Orc:2    | Bought an embroidered cloak for 270 gold pieces
 27074 | Orc:2    | Bought a scroll of enchant weapon for 90 gold pieces
 27074 | Orc:2    | Bought a scroll of remove curse for 36 gold pieces
 27074 | Orc:2    | Bought 3 scrolls of enchant weapon for 270 gold pieces
 27087 | Orc:2    | Found Berch's Jewellery Boutique.
 27095 | Orc:2    | Bought a scroll of acquirement for 624 gold pieces
 27757 | Spider:1 | Entered Level 1 of the Spider Nest
 27829 | Spider:1 | Noticed Agnes
 27829 | Spider:1 | Noticed a ghost moth
 27835 | Spider:1 | Killed a ghost moth
 27835 | Spider:1 | Reached XP level 16. HP: 149/149 MP: 0/20
 27845 | Spider:1 | Killed Agnes
 28223 | Spider:1 | Found a runed translucent door.
 28223 | Spider:1 | Noticed Rod Caur's ghost (adept HOFi)
 28722 | Spider:2 | Noticed Frances
 28735 | Spider:2 | Killed Frances
 29120 | Spider:2 | Noticed Arachne
 29147 | Spider:2 | Killed Arachne
 30027 | Spider:3 | Noticed Donald
 30054 | Spider:3 | Killed Donald
 30579 | Spider:4 | Entered Level 4 of the Spider Nest
 30625 | Spider:4 | Reached skill level 10 in Evocations
 30730 | Spider:4 | Reached XP level 17. HP: 122/156 MP: 23/23
 31046 | Spider:4 | Got a gossamer rune of Zot
 31105 | Spider:4 | Reached skill level 15 in Armour
 32128 | Orc:2    | Bought an uncursed ring of flight for 262 gold pieces
 32484 | D:5      | Identified the +10 hunting sling of Nightmares {flame,
                  | rElec Int+7} (You found it on level 5 of the Dungeon)
 32535 | D:5      | Bought 2 potions of curing for 84 gold pieces
 32535 | D:5      | Bought a potion of might for 56 gold pieces
 32535 | D:5      | Bought 2 potions of heal wounds for 140 gold pieces
 32535 | D:5      | Bought a potion of heal wounds for 70 gold pieces
 32535 | D:5      | Bought a potion of might for 56 gold pieces
 32535 | D:5      | Bought a potion of curing for 42 gold pieces
 32877 | Swamp:1  | Entered Level 1 of the Swamp
 34245 | Swamp:2  | Reached skill level 15 in Long Blades
 34615 | Swamp:3  | Reached skill level 21 in Shields
 35479 | Swamp:4  | Entered Level 4 of the Swamp
 35539 | Swamp:4  | Reached XP level 18. HP: 165/166 MP: 24/24
 35963 | Swamp:4  | Reached skill level 22 in Shields
 36435 | Swamp:4  | Got a decaying rune of Zot
 36831 | D:10     | You paid a toll of 18 potions of curing to enter a treasure
                  | trove
 36832 | Trove    | Entered a treasure trove
 36835 | Trove    | Found the cursed +2 shield of Resistance {rF+ rC+ MR+}
 36835 | Trove    | Identified the cursed +2 pair of boots "Geustrur" {-Tele
                  | +Fly Str+3 SInv}
 36837 | Trove    | Identified the cursed -3 hat "Adatiah" {rPois Str+5}
 36864 | Trove    | Got the cursed crystal plate armour of Courage {Dex+2 SInv}
 37048 | Vaults:1 | Entered Level 1 of the Vaults
 37765 | Vaults:1 | Reached skill level 1 in Spellcasting
 38317 | Vaults:1 | Identified the +10 long sword of the Brain {protect, +Rage
                  | rElec rC+ MP+9}
 38525 | Vaults:2 | Reached XP level 19. HP: 167/177 MP: 25/25
 38774 | Vaults:2 | Reached skill level 5 in Spellcasting
 39382 | Vaults:2 | Found Xiype's Magic Scroll Emporium.
 39394 | Vaults:2 | Bought a scroll of blinking for 112 gold pieces
 39394 | Vaults:2 | Bought a scroll of remove curse for 45 gold pieces
 39394 | Vaults:2 | Bought a scroll of fog for 30 gold pieces
 39394 | Vaults:2 | Bought a scroll of remove curse for 45 gold pieces
 39394 | Vaults:2 | Bought a scroll of teleportation for 45 gold pieces
 39394 | Vaults:2 | Identified the cursed +12 crystal plate armour of Courage
                  | {Dex+2 SInv} (You found it in a treasure trove)
 39700 | Vaults:2 | Learned a level 2 spell: Blink
 39703 | Vaults:2 | Learned a level 2 spell: Ensorcelled Hibernation
 39706 | Vaults:2 | Learned a level 2 spell: Song of Slaying
 39709 | Vaults:2 | Learned a level 2 spell: Swiftness
 39711 | Vaults:2 | Learned a level 1 spell: Summon Small Mammal
 39714 | Vaults:2 | Learned a level 2 spell: Call Imp
 39802 | Vaults:3 | Reached skill level 1 in Translocations
 40056 | Vaults:3 | Found a staircase to the Crypt.
 40056 | Vaults:3 | Found an ancient bone altar of Kikubaaqudgha.
 40057 | Vaults:3 | Found a basalt altar of Yredelemnul.
 41165 | Vaults:4 | Identified the ring of the Scarab {Str+5 Dex+2}
 41239 | Vaults:4 | Paralysed by an orc sorcerer for 5 turns
 41401 | Vaults:4 | Reached XP level 20. HP: 184/184 MP: 26/28
 41534 | Vaults:4 | Reached skill level 5 in Translocations
 42195 | Vaults:4 | Found Himmab's Distillery.
 42241 | Vaults:4 | Bought a potion of heal wounds for 85 gold pieces
 42241 | Vaults:4 | Bought a potion of curing for 51 gold pieces
 42241 | Vaults:4 | Bought a potion of berserk rage for 85 gold pieces
 42241 | Vaults:4 | Bought a potion of curing for 51 gold pieces
 42241 | Vaults:4 | Bought a potion of curing for 51 gold pieces
 42441 | Vaults:4 | Found a runed translucent gate.
 42441 | Vaults:4 | Found a runed translucent gate.
 42441 | Vaults:4 | Found a runed translucent gate.
 42441 | Vaults:4 | Found an opulent altar of Gozag.
 42441 | Vaults:4 | Found Qorrufyr's Assorted Antiques.
 42442 | Vaults:4 | Noticed casual's ghost (veteran MiMo)
 42546 | Vaults:4 | Reached skill level 1 in Charms
 43149 | D:14     | Killed tropicdream's ghost
 43260 | D:15     | Found a staircase to the Depths.
 44182 | Depths:1 | Entered Level 1 of the Depths
 44185 | Depths:1 | Found Icuvon's Gadget Shop.
 44434 | Depths:1 | Found Xemot's Assorted Antiques.
 44443 | Depths:1 | Bought an opal ring for 200 gold pieces
 44443 | Depths:1 | Bought a scroll of remove curse for 120 gold pieces
 44470 | Depths:1 | Bought a box of beasts for 420 gold pieces
 44567 | Depths:1 | Found Zayxionu's Antique Armour Shop.
 44787 | Depths:1 | Found a gateway to Hell.
 45213 | Depths:2 | Noticed Sojobo
 45224 | Depths:2 | Reached skill level 5 in Charms
 45245 | Depths:2 | Killed Sojobo
 45245 | Depths:2 | Reached XP level 21. HP: 141/193 MP: 30/30
 45264 | Depths:2 | Learned a level 2 spell: Shroud of Golubria
 45266 | Depths:2 | Learned a level 1 spell: Infusion
 45269 | Depths:2 | Learned a level 2 spell: Slow
 45492 | Depths:2 | Identified the ring "Kume" {rN+ Int+5}
 45492 | Depths:2 | Noticed a juggernaut
 45510 | Depths:2 | Killed a juggernaut
 45510 | Depths:2 | Reached skill level 1 in Air Magic
 45651 | Depths:2 | Paralysed by a floating eye for 2 turns
 45694 | Depths:2 | Identified the +3 great sword of Immorality {elec, rElec}
 45780 | Depths:2 | Learned a level 1 spell: Summon Butterflies
 45811 | Depths:2 | Identified the ring of Geykhluodd {MR+ Str+2 Dex+6 Slay+2}
 45925 | Depths:2 | Paralysed by a floating eye for 4 turns
 45931 | Depths:2 | Paralysed by a floating eye for 4 turns
 45996 | Depths:2 | Identified the ring of Veyd {Ice +Blink rPois MR+}
 46153 | Depths:2 | Found a one-way gate to the infinite horrors of the Abyss.
 46497 | Depths:2 | Paralysed by a floating eye for 4 turns
 46590 | Depths:2 | Found a deep blue altar of Sif Muna.
 47104 | Depths:3 | Found the +8 Wrath of Trog {antimagic, *Rage}
 47130 | Depths:3 | Noticed a juggernaut
 47148 | Depths:3 | Killed a juggernaut
 47228 | Depths:3 | Noticed a juggernaut
 47235 | Depths:3 | Noticed a golden dragon
 47236 | Depths:3 | Noticed a golden dragon
 47238 | Depths:3 | Noticed a juggernaut
 47245 | Depths:3 | Killed from afar by a golden dragon

Skill      XL: |  1  2  3  4  5  6  7  8  9 10 11 12 13 14 15 16 17 18 19 20 21 |
---------------+----------------------------------------------------------------+-----
Long Blades    | 3 4 5 6 8 10 11 13 14 15 | 15.0
Shields        | 4 6 11 14 16 17 19 20 21 22 | 22.9
Fighting       | 4 7 8 10 12 14 15 16 17 19 | 19.0
Evocations     | 1 6 7 10 | 10.0
Dodging        | 2 10 | 10.0
Armour         | 6 10 13 16 18 19 | 19.4
Throwing       | 3 |  3.2
Spellcasting   | 3 6 7 9 |  9.3
Translocations | 4 6 |  6.9
Charms         | 5 |  5.9
Air Magic      | 2 |  2.5

Action                   |  1- 3 |  4- 6 |  7- 9 | 10-12 | 13-15 | 16-18 | 19-21 || total
-------------------------+-------+-------+-------+-------+-------+-------+-------++-------
Melee: Long sword        |   107 |   125 |   251 |   676 |       |       |       ||  1159
       Headbutt          |    16 |    26 |    70 |   270 |   615 |   501 |   604 ||  2102
       Scimitar          |       |       |       |   308 |  1833 |   728 |       ||  2869
       Double sword      |       |       |       |       |       |   854 |  1636 ||  2490
Throw: Javelin           |       |       |       |       |     2 |     2 |       ||     4
 Cast: Song of Slaying   |       |       |       |       |       |       |     1 ||     1
       Blink             |       |       |       |       |       |       |     1 ||     1
Invok: Curse Item        |       |       |     2 |       |     2 |     3 |     2 ||     9
       Scrying           |       |       |       |     1 |     1 |       |       ||     2
 Abil: Evoke Flight      |       |       |       |       |       |     4 |     1 ||     5
Evoke: Wand              |       |       |       |    10 |    41 |    15 |       ||    66
       Lamp of fire      |       |       |       |       |     3 |     3 |       ||     6
       Box of beasts     |       |       |       |       |       |     1 |       ||     1
  Use: Scroll            |       |     8 |     4 |     7 |    13 |    14 |     6 ||    52
       Potion            |       |     2 |       |     1 |     3 |       |       ||     6
 Stab: Paralysed         |       |       |       |       |    18 |     7 |       ||    25
       Petrifying        |       |       |       |       |     1 |       |       ||     1
       Held in net/web   |       |       |       |       |       |     1 |       ||     1
       Confused          |       |       |       |       |       |     1 |       ||     1
       Distracted        |       |       |       |       |       |       |     1 ||     1
  Eat: Chunk             |       |     7 |    11 |    30 |    38 |    28 |    27 ||   141
       Ration            |       |       |       |       |     1 |     3 |     1 ||     5
Armor: Scale mail        |    34 |    47 |       |       |       |       |       ||    81
       Chain mail        |       |     3 |    73 |   272 |   272 |       |       ||   620
       Plate armour      |       |       |       |       |    44 |   483 |    41 ||   568
       Crystal plate arm |       |       |       |       |       |       |   264 ||   264
       Ice dragon scales |       |       |       |       |       |       |     5 ||     5
Dodge: Dodged            |    18 |    41 |    88 |   258 |   640 |   643 |   313 ||  2001
Block: Shield            |    17 |       |       |   433 |       |       |       ||   450
       Large shield      |    52 |   147 |    54 |   108 |  2233 |  2217 |  1859 ||  6670
       Buckler           |       |       |    22 |    15 |       |       |       ||    37
       Rpst.: Long sword |     9 |     7 |    28 |    50 |       |       |       ||    94
       Scimitar          |       |       |       |    12 |   158 |    54 |       ||   224
       Double sword      |       |       |       |       |       |    41 |    50 ||    91
